 Dungeon Crawl Stone Soup version 0.29.1-14-g9c671dbff4 (webtiles) character file.

Game seed: 6610549541995440097

1428 hawla the Firebug (level 9, -1/64 HPs)
             Began as a Meteoran Fire Elementalist on Feb 12, 2023.
             Was a Follower of Vehumet.
             Slain by a thrashing horror (14 damage)
             ... on level 2 of the Abyss.
             The game lasted 00:12:32 (1806 turns).

hawla the Firebug (Meteoran Fire Elementalist)      Turns: 1806, Time: 00:12:33

Health: -1/64      AC:  6    Str: 10      XL:     9   Next: 23%
Magic:  20/21      EV: 17    Int: 19 (20) God:    Vehumet [*.....]
Gold:   234        SH:  0    Dex: 16      Spells: 15/23 levels left

rFire   . . .      SeeInvis .   (no weapon)
rCold   . . .      Faith    .   (no shield)
rNeg    . . .      Spirit   .   a - +2 robe
rPois   .          Reflect  .   (no helmet)
rElec   .          Harm     .   (no cloak)
rCorr   .          Rampage  .   j - +0 pair of gloves
Will    +....      Clarity  +   (no boots)
Stlth   +.........              (no amulet)
HPRegen 0.20/turn               i - ring "Baliech" {EV+4 Stlth+}
MPRegen 0.17/turn               (no ring)

@: glowing
A: sense surroundings 2, otherworldly, glowing, explore regen, clarity, shaggy
fur 1
a: Renounce Religion


You were on level 2 of the Abyss.
You worshipped Vehumet.
Vehumet was aware of your devotion.
You visited 2 branches of the dungeon, and saw 9 of its levels.
You visited the Abyss 1 time.

You collected 234 gold pieces.

Inventory:

Armour
 a - a +2 robe (worn)
 j - a +0 pair of gloves (worn)
Jewellery
 i - the ring "Baliech" (left hand) {EV+4 Stlth+}
   (You found it on level 2 of the Dungeon)

   [ring of evasion]

   EV:        It affects your evasion (+4).
   Stlth:     It makes you more stealthy.
Wands
 b - a wand of flame (16) (quivered)
Scrolls
 g - 2 scrolls of identify
 k - 2 scrolls of fear
Potions
 c - a potion of cancellation
 d - a potion of berserk rage
 e - a potion of flight
 f - a potion of lignification {unknown}
 h - a potion of brilliance


   Skills:
 + Level 1.1 Fighting
 + Level 4.0 Dodging
 - Level 1.4 Stealth
 + Level 7.7 Spellcasting
 + Level 6.5 Conjurations
 + Level 7.8 Fire Magic


You had 15 spell levels left.
You knew the following spells:

 Your Spells              Type           Power      Damage    Failure   Level
a - Foxfire               Conj/Fire      100%       2x1d9     1%          1
b - Scorch                Fire           74%        2d8       1%          2
c - Flame Wave            Conj/Fire      34%        2d10      4%          4
d - Freeze                Ice            28%        1d5       10%         1

Your spell library contained the following spells:

 Spells                   Type           Power      Damage    Failure   Level
 Conjure Flame            Conj/Fire      34%        6-21      1%          3
 Inner Flame              Hex/Fire       22%        N/A       5%          3


Dungeon Overview and Level Annotations

Branches:
Dungeon (8/15) Zot: 3150   Temple (1/1) D:4 Zot: 521
   Lair: D:8-11

Altars:
Ashenzari
Cheibriados
Dithmenos
Elyvilon
Fedhas
Gozag
Hepliaklqana
Kikubaaqudgha
Qazlal
Ru
Trog
Uskayaw
Vehumet
Wu Jian
Yredelemnul
Zin
The Shining One

Shops:
D:4 ?=:=


Innate Abilities, Weirdness & Mutations

You passively map the area around you.
You are easily found by Zot.
You glow in the dark.
You regain HP and MP as you explore.
You possess an exceptional clarity of mind.
You are covered in fur. (AC +1)


Message History

The thrashing horror is engulfed in blazing flames.
The thrashing horror tramples you.
You hold your ground!
The thrashing horror tramples you.
You hold your ground!
The thrashing horror tramples you!
You hold your ground!
The thrashing horror tramples you.
You hold your ground!
You can't see any enemies this would affect, really read the scroll of fear?
Okay, then.
A thrashing horror is nearby!
The thrashing horror attacks as you move away!
The thrashing horror barely misses you. The thrashing horror tramples you.
The thrashing horror attacks as you move away!
The thrashing horror tramples you but does no damage.
The thrashing horror tramples you. The thrashing horror barely misses you.
The thrashing horror tramples you.
You hold your ground!
The thrashing horror roars!
An ufetubus comes into view.
The thrashing horror tramples you!
* * * LOW HITPOINT WARNING * * *
You hold your ground!
The thrashing horror tramples you but does no damage.
The thrashing horror roars!
The ufetubus shouts!
You hear an angry hiss.
The thrashing horror tramples you.
* * * LOW HITPOINT WARNING * * *
You stumble backwards!
The thrashing horror tramples you.
* * * LOW HITPOINT WARNING * * *
You hold your ground!
The thrashing horror tramples you.
* * * LOW HITPOINT WARNING * * *
You hold your ground!
You can't see any enemies this would affect, really read the scroll of fear?
Okay, then.
Casting: Freeze (safe; 10% risk of failure)
Confirm with . or Enter, or press ? or * to list all spells.
Aiming: Freeze (safe; 10% risk of failure)
Press: ? - help, Shift-Dir - straight line, f - thrashing horror
Aim: a thrashing horror You freeze the thrashing horror but do no damage.
The thrashing horror completely resists.
The thrashing horror tramples you!
You die...

... ..# >..# .
.##.. ##.R#
#..○##
#..#.#..# ##.#
######### . #..
.#.#§#...# #
##..#.#§##X@##
. #
##.##.......# .
#.#...#.§..####
# .
.#..#####§#.#.
.# ....##
##...#.. ...#
.#. . .#..#
..#....
......5..# #
...#. . .##.#..
#. .# . #.# .#.
....


You could see a thrashing horror.

Vanquished Creatures
  Maurice (D:8)
  2 sky beasts (D:8)
  An ogre (D:4)
  A centaur (D:8)
  A bullfrog (D:7)
  A scorpion (D:4)
  8 howler monkeys
  3 hounds (D:5)
  An orc priest (D:8)
  3 orc wizards (D:8)
  4 gnolls (D:6)
  2 adders (D:4)
  2 shadow imps
  A white imp (D:5)
  An ufetubus (D:5)
  A worm (D:4)
  2 dart slugs
  12 orcs
  A ball python (D:2)
  3 endoplasms
  2 giant cockroaches
  A goblin (D:2)
  A hobgoblin (D:4)
  A quokka (D:2)
  A bat (D:2)
  A frilled lizard (D:3)
  2 kobolds
60 creatures vanquished.

Vanquished Creatures (others)
  166 foxfires
166 creatures vanquished.

Grand Total: 226 creatures vanquished

Notes
Turn   | Place    | Note
-------+----------+-------------------------------------------
     0 | D:1      | hawla the Meteoran Fire Elementalist began the quest for
                  | the Orb.
     0 | D:1      | Reached XP level 1. HP: 14/14 MP: 5/5
    64 | D:1      | Reached XP level 2. HP: 20/20 MP: 3/6
   136 | D:2      | Identified the ring "Baliech" {EV+4 Stlth+}
   220 | D:2      | Learned a level 2 spell: Scorch
   242 | D:4      | Found Tabbesu's Book Shop.
   275 | D:4      | Noticed an ogre
   284 | D:4      | Killed an ogre
   285 | D:4      | Reached skill level 5 in Fire Magic
   285 | D:4      | Reached XP level 3. HP: 26/26 MP: 0/9
   285 | D:4      | Reached XP level 4. HP: 33/33 MP: 0/11
   285 | D:4      | Reached XP level 5. HP: 38/38 MP: 0/12
   290 | D:4      | Learned a level 4 spell: Flame Wave
   407 | D:4      | Reached XP level 6. HP: 43/45 MP: 3/13
   408 | D:4      | Found Yhihouch's Jewellery Boutique.
   466 | D:4      | Found Letzy's Jewellery Shoppe.
   474 | D:4      | Found Plog's Magic Scroll Shoppe.
   493 | D:4      | Found a staircase to the Ecumenical Temple.
   505 | Temple   | Entered the Ecumenical Temple
   567 | Temple   | Became a worshipper of Vehumet
   616 | D:5      | Entered Level 5 of the Dungeon
   698 | D:5      | Reached skill level 5 in Conjurations
   782 | D:5      | Reached XP level 7. HP: 45/50 MP: 9/14
   938 | D:6      | Found a stormy altar of Qazlal.
  1013 | D:6      | Reached skill level 5 in Spellcasting
  1091 | D:7      | Found a sacrificial altar of Ru.
  1109 | D:7      | Found a white marble altar of Elyvilon.
  1162 | D:7      | Reached * piety under Vehumet
  1162 | D:7      | Offered knowledge of Freeze by Vehumet.
  1243 | D:7      | Reached XP level 8. HP: 45/57 MP: 11/17
  1374 | D:8      | Noticed Maurice
  1385 | D:8      | Gained mutation: You are covered in fur. (AC +1) [potion of
                  | mutation]
  1385 | D:8      | Gained mutation: You possess an exceptional clarity of
                  | mind. [potion of mutation]
  1397 | D:8      | Killed Maurice
  1405 | D:8      | Reached skill level 1 in Fighting
  1405 | D:8      | Gained mutation: You passively map the area around you.
                  | [Meteoran growth]
  1405 | D:8      | Reached XP level 9. HP: 49/64 MP: 0/20
  1724 | D:8      | Noticed a wizard
  1729 | Abyss:2  | Cast into level 2 of the Abyss (a wizard)
  1732 | Abyss:2  | Learned a level 1 spell: Freeze
  1791 | Abyss:2  | Noticed a thrashing horror
  1793 | Abyss:2  | Noticed an efreet
  1806 | Abyss:2  | Slain by a thrashing horror

Illustrated notes

Levels and vault maps discovered:
D:1:      arrival_zaba_pyramid, layout_rooms, kennysheep_nondescript,
          serial_bayou_ford_a
D:2:      layout_loops_ring, shapermc_ecumenical_altar_mp_highgroup, basic_altar
D:3:      layout_loops_ring, led_xom_imps, serial_shops, shop, uniq_sigmund
D:4:      layout_gridville, minmay_temple_entry_gardened_gates, serial_shops,
          kennysheep_mini_moat, nicolae_shop_hallway_stairs, shop,
          nicolae_shop_crystal, shop
D:5:      layout_basic, minivault_5, grunt_decor_one_mirror, st_stairs_7,
          uniq_blork_the_orc
D:6:      layout_gridville, grunt_qazlal_sundering
D:7:      layout_loops_corners, nicolae_overflow_quartered_altars
D:8:      cheibrodos_wizards_tower, layout_cave_pods, serial_column_ruins,
          column_ruins_hut, column_ruins_hut_ruined, column_ruins_open_tiny,
          column_ruins_columns_corner, column_ruins_open_large,
          column_ruins_corridor_straight, uniq_maurice
Temple:   eino_temple_water
Abyss:2:  base: D:1, base: D:3, hangedman_decor_riveting, base:
D:3

Skill      XL: |  1  2  3  4  5  6  7  8  9 |
---------------+----------------------------+-----
Spellcasting   | 4 5 7 |  7.7
Fire Magic     | 5 6 7 |  7.8
Dodging        | 3 4 |  4.0
Conjurations   | 3 5 6 |  6.5
Fighting       | 1 |  1.1
Stealth        | |  1.4

Action                   |  1- 3 |  4- 6 |  7- 9 || total
-------------------------+-------+-------+-------++-------
Melee: Unarmed           |     8 |     1 |     8 ||    17
 Cast: Foxfire           |    20 |    27 |    49 ||    96
       Scorch            |     1 |    11 |    15 ||    27
       Flame Wave        |       |     2 |     5 ||     7
       Freeze            |       |       |     3 ||     3
  Use: Scroll            |     3 |       |     4 ||     7
       Potion            |       |     1 |     4 ||     5
Armor: Robe              |     3 |     1 |    14 ||    18
Dodge: Dodged            |     7 |    10 |    26 ||    43
